 Dungeon Crawl Stone Soup version 0.22.1-1-ga44c0e56f4 (webtiles) character file.

179 Morbidden the Firebug (level 5, 0/39 HPs)
             Began as a Draconian Fire Elementalist on Oct 8, 2018.
             Succumbed to a worker ant's poison
             ... on level 4 of the Dungeon.
             The game lasted 00:08:26 (2512 turns).

Morbidden the Firebug (Draconian Fire Elementalist) Turns: 2512, Time: 00:08:26

Health: 0/39       AC:  5    Str: 15    XL:     5   Next: 33%
Magic:  3/9        EV: 12    Int: 16    God:
Gold:   146        SH:  0    Dex: 12    Spells: 8/9 levels left

rFire    . . .     SeeInvis .   j - +0 hand axe (venom)
rCold    . . .     Gourm    .   (no shield)
rNeg     . . .     Faith    .   (armour unavailable)
rPois    .         Spirit   .   (helmet restricted)
rElec    .         Reflect  .   (no cloak)
rCorr    .         Harm     .   (no gloves)
MR       .....                  (no boots)
Stlth    ++........             (no amulet)
HPRegen  0.13/turn              (no ring)
MPRegen  0.11/turn              (no ring)

@: mighty, lethally poisoned (0 -> -4), flying
A: unfitting armour, big wings, blink, high mp 1, cold-blooded, AC +5
a: Stop Flying, Blink


You were on level 4 of the Dungeon.
You were hungry.

You visited 1 branch of the dungeon, and saw 4 of its levels.

You collected 146 gold pieces.

Inventory:

Hand Weapons
 j - a +0 hand axe of venom (weapon)
Scrolls
 a - 2 scrolls of teleportation {unknown}
 c - 2 scrolls of remove curse {unknown}
 d - a scroll of fog {unknown}
 e - a scroll of blinking {unknown}
 f - a scroll of magic mapping {unknown}
 h - 2 scrolls of identify {unknown}
 i - 3 scrolls of enchant armour {unknown}
Comestibles
 b - 9 rations
 g - a chunk of flesh


   Skills:
 + Level 0.7 Fighting
 + Level 2.4 Dodging
 - Level 1.7 Stealth
 + Level 2.6 Spellcasting
 + Level 2.0 Conjurations
 * Level 5.0 Fire Magic


You had 8 spell levels left.
You knew the following spells:

 Your Spells              Type           Power        Failure   Level  Hunger
a - Flame Tongue          Conj/Fire      ##...        4%          1    #......

Your spell library contained the following spells:

 Spells                   Type           Power        Failure   Level  Hunger
 Throw Flame              Conj/Fire      ##....       7%          2    ##.....
 Conjure Flame            Conj/Fire      ##......     14%         3    ###....
 Inner Flame              Hex/Fire       ##......     22%         3    ###....
 Sticky Flame             Conj/Fire      ##......     43%         4    #####..
 Fireball                 Conj/Fire      ##........   78%         5    ######.


Dungeon Overview and Level Annotations

Branches:
Dungeon (4/15)
 Temple: D:4-7

Altars:

Annotations:
D:4 Blork the orc


Innate Abilities, Weirdness & Mutations

Your plain brown scales are hard. (AC +5)
You cannot fit into any form of body armour.
You are cold-blooded and may be slowed by cold attacks.
Your large and strong wings let you fly indefinitely.
You can translocate small distances at will.
You have an increased reservoir of magic. (+10% MP)


Message History

You feel very mighty all of a sudden.
The worker ant bites you but does no damage.
It was a potion of flight.
You feel more buoyant.
* * * LOW HITPOINT WARNING * * *
You feel sick. The worker ant barely misses you.
Unknown command.
You slash the worker ant!
The worker ant is poisoned.
The worker ant is heavily wounded.
* * * LOW HITPOINT WARNING * * *
You feel sick. The worker ant closely misses you. x2
Unknown command.
You barely miss the worker ant.
The worker ant is almost dead.
You kill the worker ant!
Your Conjurations skill increases to level 2!
Your Fire Magic skill increases to level 5!
Unknown command.
There is a lethal amount of poison in your body!
You die...

################ #########
#..............# #...#....
#..............# #...'....
#..............# #...##...
#..............# #...#####
#..............# #...#..<.
#..#########..######## ##..##a..
#..###....รท#..#.@....######'###'#
#..........'....#....#......##...
#...#.##...#....#....#...........
#...##.##########....#...........
#######.#.# #....#...........
##.## #)...#......##... ###
#.)..#..##..##...
#....#..##..##...
..##'###....'......#....


There were no monsters in sight!

Vanquished Creatures
  A howler monkey (D:4)
  A worker ant (D:4)
  2 gnolls (D:4)
  An adder (D:2)
  A worm (D:2)
  6 leopard geckos
  6 orcs (D:3)
  11 bats
  8 giant cockroaches
  7 goblins
  5 hobgoblins
  4 jackals (D:2)
  2 quokkas
  A ball python (D:2)
  4 frilled lizards
  6 kobolds
  6 rats
72 creatures vanquished.

Notes
Turn   | Place    | Note
-------+----------+-------------------------------------------
     0 | D:1      | Morbidden the Draconian Fire Elementalist began the quest
                  | for the Orb.
     0 | D:1      | Reached XP level 1. HP: 14/14 MP: 3/3
   208 | D:1      | Reached XP level 2. HP: 20/20 MP: 3/5
   797 | D:2      | Reached XP level 3. HP: 26/26 MP: 3/6
   930 | D:2      | Reached skill level 4 in Fire Magic
  1517 | D:3      | Reached XP level 4. HP: 29/33 MP: 7/7
  2018 | D:4      | Noticed Blork the orc
  2028 | D:4      | Gained mutation: Your large and strong wings let you fly
                  | indefinitely. [potion of mutation]
  2028 | D:4      | Gained mutation: You expend magic power (3 MP) to
                  | strengthen your wands. [potion of mutation]
  2028 | D:4      | Gained mutation: You are frail. (-10% HP) [potion of
                  | mutation]
  2028 | D:4      | Gained mutation: You have sharp toenails. [potion of
                  | mutation]
  2035 | D:4      | Lost mutation: You are frail. (-10% HP) [potion of
                  | mutation]
  2035 | D:4      | Lost mutation: You expend magic power (3 MP) to strengthen
                  | your wands. [potion of mutation]
  2035 | D:4      | Lost mutation: You have sharp toenails. [potion of
                  | mutation]
  2035 | D:4      | Gained mutation: You have an increased reservoir of magic.
                  | (+10% MP) [potion of mutation]
  2035 | D:4      | Gained mutation: You can translocate small distances at
                  | will. [potion of mutation]
  2334 | D:4      | Noticed an ogre
  2490 | D:4      | Reached XP level 5. HP: 32/39 MP: 5/9
  2510 | D:4      | HP: 1/39 [poisoned by a worker ant]
  2511 | D:4      | Reached skill level 5 in Fire Magic
  2512 | D:4      | Succumbed to a worker ant's poison

Skill      XL: |  1  2  3  4  5 |
---------------+----------------+-----
Dodging        | 2 |  2.4
Fire Magic     | 4 5 |  5.0
Conjurations   | 2 |  2.0
Fighting       | |  0.7
Stealth        | |  1.7
Spellcasting   | |  2.6

Action                   |  1- 3 |  4- 6 || total
-------------------------+-------+-------++-------
Melee: Unarmed           |    22 |       ||    22
       Tailslap          |     6 |     7 ||    13
       Hand axe          |    21 |    37 ||    58
 Cast: Flame Tongue      |    76 |    32 ||   108
 Abil: Fly               |       |     1 ||     1
  Use: Potion            |     2 |     5 ||     7
 Stab: Sleeping          |     2 |       ||     2
  Eat: Chunk             |     2 |     4 ||     6
Armor: Skin              |    33 |    15 ||    48
Dodge: Dodged            |    74 |    63 ||   137
